 Dungeon Crawl Stone Soup version 0.31-a0-986-g5e6e4ef867 (webtiles) character file.

Game seed: 6799514145301758482

2425 CowFu the Destroyer (level 9, 0/63 HPs)
             Began as a Grey Draconian Conjurer on Nov 13, 2023.
             Slain by a kobold brigand
             ... wielding a +0 war axe
              (9 damage)
             ... in a bailey.
             The game lasted 00:19:46 (7204 turns).

CowFu the Destroyer (Grey Draconian Conjurer)       Turns: 7204, Time: 00:19:47

Health: 0/63       AC: 18    Str:  9    XL:     9   Next: 24%
Magic:  12/15      EV: 18    Int: 23    God:
Gold:   183        SH:  0    Dex: 14    Spells: 9/16 levels left

rFire   . . .        a - staff of conjuration
rCold   + . .        (no shield)
rNeg    . . .        (body armour unavailable)
rPois   .            j - +2 hat
rElec   .            k - +1 cloak
rCorr   +            n - +0 pair of gloves
SInv    +            m - +0 pair of boots
Will    .....        (no amulet)
Stlth   +++          y - +5 ring of evasion
HPRegen 0.30/turn    c - ring "Murch" {rC+ rCorr Dex+4 SInv}
MPRegen 0.14/turn

%: no passive effects
@: no status effects
A: AC +12, amphibious, unfitting armour, cold-blooded
a: no special abilities


You were in a bailey.
You visited 1 branch of the dungeon, and saw 7 of its levels.
You also visited: Bailey.

You collected 333 gold pieces.
You spent 150 gold pieces at shops.

Inventory:

Hand Weapons
 b - the +7 arbalest "Egadish" {flame, Int+4 Dex-3}
   (You took it off a kobold in a bailey)

   Int+4:     It affects your intelligence (+4).
   Dex-3:     It affects your dexterity (-3).
Armour
 j - a +2 hat (worn)
 k - a +1 cloak (worn)
 m - a +0 pair of boots (worn)
 n - a +0 pair of gloves (worn)
Magical Staves
 a - a staff of conjuration (weapon)
 w - a staff of cold
Jewellery
 c - the ring "Murch" (right hand) {rC+ rCorr Dex+4 SInv}
   (You acquired it on level 6 of the Dungeon)

   [ring of see invisible]

   Dex+4:     It affects your dexterity (+4).
   rC+:       It protects you from cold.
   SInv:      It lets you see invisible.
   rCorr:     It protects you from acid and corrosion.
 g - a ring of willpower
 o - an amulet of faith
 y - a +5 ring of evasion (left hand)
Wands
 C - a wand of flame (24)
Scrolls
 f - a scroll of poison
 h - a scroll of noise
 i - a scroll of teleportation
 l - a scroll of vulnerability
 q - a scroll of fear
 s - a scroll of identify
Potions
 d - 3 potions of curing
 e - 4 potions of might
 p - 2 potions of lignification
 u - 2 potions of attraction
 v - a potion of resistance
 x - a potion of mutation
 z - a potion of haste
 A - a potion of enlightenment


   Skills:
 + Level 0.3 Fighting
 + Level 4.0 Dodging
 + Level 4.0 Stealth
 + Level 4.0 Spellcasting
 + Level 10.0 Conjurations
 + Level 5.0 Evocations


You had 9 spell levels left.
You knew the following spells:

 Your Spells              Type           Power      Damage    Failure   Level
a - Magic Dart            Conj           100%       1d8       1%          1
b - Searing Ray           Conj           100%       2d8       1%          2
c - Fulminant Prism       Conj/Hex       20%        3d12      13%         4

Your spell library contained the following spells:

 Spells                   Type           Power      Damage    Failure   Level
 Dazzling Flash           Conj/Hex       82%        N/A       4%          3
 Stone Arrow              Conj/Erth      82%        3d12      4%          3
 Apportation              Tloc           8%         N/A       11%         1
 Sandblast                Erth           8%         2d5       11%         1
 Brom's Barrelling Bould  Conj/Erth      41%        2d6       13%         4
 Iskenderun's Mystic Bla  Conj/Tloc      41%        2d9       13%         4
 Jinxbite                 Hex            8%         N/A       16%         2
 Passwall                 Tmut/Erth      3%         N/A       16%         2
 Ozocubu's Armour         Ice            4%         N/A       30%         3
 Fireball                 Conj/Fire      20%        3d10      36%         5
 Cause Fear               Hex            2%         N/A       71%         4
 Alistair's Intoxication  Tmut/Pois      2%         N/A       96%         5
 Ozocubu's Refrigeration  Ice            2%         4d7       100%        7
 Dragon's Call            Summ           2%         N/A       100%        9


Dungeon Overview and Level Annotations

Branches:
Dungeon (7/15)             Bailey (1/1)
 Temple: D:4-7

Altars:
Kikubaaqudgha
Makhleb

Shops:
D:6 *

Annotations:
D:7 Joseph


Innate Abilities, Weirdness & Mutations

Your dull iron-grey scales are very hard. (AC +12)
You are amphibious.
You cannot fit into any form of body armour.
You are cold-blooded and may be slowed by cold attacks.


Message History

You tail-slap the orc warrior, but do no damage.
The orc warrior is almost dead.
The kobold brigand closely misses you.
The orc warrior hits you but does no damage.
The kobold brigand closely misses you.
The orc warrior hits you with a +0 war axe.
* * * LOW HITPOINT WARNING * * *
You barely miss the orc warrior.
You tail-slap the orc warrior, but do no damage.
The orc warrior is almost dead.
The kobold brigand hits you with a +0 war axe.
* * * LOW HITPOINT WARNING * * *
The orc warrior hits you with a +0 war axe.
* * * LOW HITPOINT WARNING * * *
You hit the orc warrior but do no damage.
The orc warrior is almost dead.
The kobold brigand barely misses you.
The orc warrior hits you with a +0 war axe.
* * * LOW HITPOINT WARNING * * *
You feel better. The kobold brigand barely misses you.
The orc warrior hits you with a +0 war axe.
* * * LOW HITPOINT WARNING * * *
Casting: Searing Ray (safe; 1% risk of failure)
Confirm with . or Enter, or press ? or * to list all spells.
Aiming: Searing Ray (safe; 1% risk of failure)
Press: ? - help, Shift-Dir - straight line, f/p - orc warrior
Aim: an orc warrior, wielding a +0 war axe and wearing a +0 plate armour (almost dead, 83% to hit)
You feel a surge of power!
The searing ray hits the orc warrior but does no damage.
The orc warrior is almost dead. (Press . to maintain the ray.)
The kobold brigand barely misses you.
The orc warrior hits you but does no damage.
The searing ray hits the orc warrior.
The orc warrior is almost dead.
The kobold brigand misses you. The orc warrior completely misses you.
The searing ray hits the orc warrior!
You kill the orc warrior!
The kobold brigand hits you with a +0 war axe!
You die...

##~.......~##
####..(####
#).(# #...#
#)..# ##'('##
##..∩..##
#)K.....#
#@..∩)((#
##..)).##
#######


You could see a kobold brigand.

Vanquished Creatures
  A water moccasin (D:6)
  5 orc warriors (Bailey)
  A sky beast (D:6)
  3 ice beasts
  3 black bears
  A centaur (D:6)
  4 kobold brigands (Bailey)
  3 scorpions
  2 hounds
  2 jellies
  A gnoll bouda (D:6)
  4 iguanas
  7 sleepcaps
  2 orc wizards (D:6)
  9 gnolls (D:6)
  9 adders
  A shadow imp (D:5)
  A white imp (D:5)
  4 dart slugs
  11 orcs
  5 ball pythons
  7 bats
  11 endoplasms
  A giant cockroach (D:3)
  7 hobgoblins
  10 kobolds
  5 quokkas
  A frilled lizard (D:2)
  10 goblins
  2 rats (D:3)
133 creatures vanquished.

Notes
Turn   | Place    | Note
-------+----------+-------------------------------------------
     0 | D:1      | CowFu the Draconian Conjurer began the quest for the Orb.
     0 | D:1      | Reached XP level 1. HP: 14/14 MP: 3/3
   216 | D:1      | Reached XP level 2. HP: 20/20 MP: 0/5
   339 | D:1      | You fall into a shaft and drop 1 floor!
   482 | D:2      | Reached XP level 3. HP: 21/26 MP: 6/6
  2008 | D:3      | Learned a level 2 spell: Searing Ray
  2074 | D:3      | Reached XP level 4. HP: 33/33 MP: 3/7
  2120 | D:3      | Learned a level 4 spell: Fulminant Prism
  2892 | D:4      | Noticed a black bear
  2910 | D:4      | HP: 1/33 [black bear (2)]
  2911 | D:4      | Killed a black bear
  2912 | D:4      | Reached skill level 1 in Evocations
  2912 | D:4      | Reached XP level 5. HP: 1/38 MP: 0/9
  3114 | D:4      | Found an ancient bone altar of Kikubaaqudgha.
  3493 | D:4      | Noticed a black bear
  3498 | D:4      | Killed a black bear
  3499 | D:4      | Reached skill level 5 in Conjurations
  3499 | D:4      | Reached XP level 6. HP: 45/45 MP: 3/10
  3640 | D:5      | Entered Level 5 of the Dungeon
  4186 | D:5      | Your scales start taking on a dull iron-grey colour.
  4186 | D:5      | Reached XP level 7. HP: 43/50 MP: 5/12
  5053 | D:6      | Reached skill level 6 in Conjurations
  5135 | D:6      | Reached XP level 8. HP: 48/57 MP: 0/14
  5626 | D:6      | Reached skill level 7 in Conjurations
  5626 | D:6      | Reached skill level 5 in Evocations
  6324 | D:6      | Reached skill level 8 in Conjurations
  6475 | D:6      | Found Wuetev Fosoc's Assorted Antiques.
  6483 | D:6      | Bought a white potion for 23 gold pieces
  6483 | D:6      | Bought a scroll labelled IJYPPU FIGODEQ for 26 gold pieces
  6483 | D:6      | Bought a scroll labelled BOHOR DAENTY for 26 gold pieces
  6483 | D:6      | Bought a scroll labelled BOHOR DAENTY for 26 gold pieces
  6483 | D:6      | Bought a scroll labelled BOHOR DAENTY for 26 gold pieces
  6483 | D:6      | Bought a ruby potion for 23 gold pieces
  6493 | D:6      | Identified a scroll of acquirement
  6493 | D:6      | Acquired the ring "Murch" {rC+ rCorr Dex+4 SInv}
  6514 | D:6      | Found a burning altar of Makhleb.
  6708 | D:6      | Noticed an Executioner
  6714 | D:7      | Noticed Joseph
  6764 | D:7      | Found a flagged portal.
  6795 | Bailey   | Entered a bailey
  6870 | Bailey   | Reached skill level 9 in Conjurations
  6874 | Bailey   | Reached XP level 9. HP: 19/62 MP: 3/15
  7105 | Bailey   | Identified the +7 arbalest "Egadish" {flame, Int+4 Dex-3}
  7178 | Bailey   | Reached skill level 10 in Conjurations
  7200 | Bailey   | HP: 2/63 [orc warrior/+0 war axe (3)]
  7204 | Bailey   | Slain by a kobold brigand

Illustrated notes

Levels and vault maps discovered:
D:1:      mrwooster_arrival_statue_3, layout_rooms, minmay_tripent
D:2:      layout_basic
D:3:      layout_basic
D:4:      layout_basic, mainiacjoe_overflow_concentric_impassable,
          kennysheep_generic_room_16
D:5:      layout_gridville, hellmonk_no_cap
D:6:      layout_basic, makhleb_altar_promises_db, serial_shops,
          nicolae_shop_tiny_statue_garden
D:7:      layout_rooms, fedhas_altar_3, minmay_temple_entry_junction_2,
          enter_bailey_6, uniq_crazy_yiuf_cottage, uniq_joseph
Bailey:   bailey_axe_3, bailey

Skill      XL: |  1  2  3  4  5  6  7  8  9 |
---------------+----------------------------+-----
Stealth        | 2 3 4 |  4.0
Dodging        | 2 3 4 |  4.0
Spellcasting   | 3 4 |  4.0
Evocations     | 1 2 4 5 |  5.0
Conjurations   | 5 6 9 10 | 10.0
Fighting       | |  0.3

Action                     |  1- 3 |  4- 6 |  7- 9 || total
---------------------------+-------+-------+-------++-------
  Melee: Mace              |    23 |    11 |       ||    34
         Tailslap          |     3 |     4 |     7 ||    14
         Punch             |     1 |     2 |       ||     3
         Staff             |       |    58 |    67 ||   125
   Fire: Arbalest          |       |       |    17 ||    17
   Cast: Magic Dart        |    62 |    66 |   163 ||   291
         Searing Ray       |       |    10 |    29 ||    39
    Use: Scroll            |       |       |    16 ||    16
         Potion            |       |       |     5 ||     5
   Stab: Sleeping          |       |     1 |       ||     1
 Armour: Skin              |    20 |    94 |   160 ||   274
  Dodge: Dodged            |    30 |    89 |   163 ||   282

Table legend: (Time is in decaauts)
 A = Elapsed time spent in this place.
 B = Non-inter-level travel time spent in this place.
 C = Inter-level travel time spent in this place.
 D = Time resting spent in this place.
 E = Time spent auto-exploring this place.
 F = Levels seen in this place.
 G = Mean time per level.
                   A        B        C        D        E       F      G
               +--------+--------+--------+--------+--------+-----+--------+
         Total |   7260 |   6945 |    315 |      0 |   5746 |   8 |  907.5 |
       Dungeon |   6829 |   6514 |    315 |      0 |   5483 |   7 |  975.6 |
        Bailey |    430 |    430 |      0 |      0 |    263 |   1 |  430.0 |
               +--------+--------+--------+--------+--------+-----+--------+

Top non-repeatable levels by time:
     D:6: 1766 daAuts
     D:5: 1363 daAuts
     D:2: 1209 daAuts
     D:3: 939 daAuts
     D:4: 809 daAuts
     D:1: 697 daAuts
  Bailey: 430 daAuts
     D:7: 42 daAuts
